 Dungeon Crawl Stone Soup version 0.27.0-1-g7a089689b8 (webtiles) character file.

Game seed: 6567340006623142898

13640 Sobieck the Devastator (level 12, -2/64 HPs)
             Began as a Tengu Conjurer on Aug 1, 2021.
             Was a Believer of Vehumet.
             Slain by a basilisk (6 damage)
             ... while petrified by a basilisk
             ... on level 1 of the Lair of Beasts.
             The game lasted 00:51:01 (15931 turns).

Sobieck the Devastator (Tengu Conjurer)            Turns: 15931, Time: 00:51:01

Health: -2/64      AC: 14    Str:  7    XL:     12   Next: 8%
Magic:  23/26      EV:  2    Int: 23    God:    Vehumet [**....]
Gold:   561        SH:  0    Dex: 14    Spells: 13/29 levels left

rFire    . . .     SeeInvis +   U - +3 falchion (freeze) {long}
rCold    . . .     Faith    .   (no shield)
rNeg     + + +     Spirit   .   T - +0 troll leather armour
rPois    ∞         Reflect  +   (helmet restricted)
rElec    .         Harm     .   M - +2 cloak {rPois}
rCorr    .         Rampage  .   i - +2 pair of gloves
Will     .....                  (boots unavailable)
Stlth    +++.......             K - amulet of reflection
HPRegen  1.20/turn              O - ring of see invisible
MPRegen  0.20/turn              J - +4 ring of protection

@: petrified, flying quickly and evasively, quick
A: beak, talons 3, nimble flight
a: Renounce Religion


You were on level 1 of the Lair of Beasts.
You worshipped Vehumet.
Vehumet was pleased with you.
You visited 3 branches of the dungeon, and saw 13 of its levels.
You also visited: Ossuary.

You collected 587 gold pieces.
You spent 26 gold pieces at shops.


Innate Abilities, Weirdness & Mutations

You have a beak for a mouth.
You have claws for feet.
Your magical nature lets you fly swiftly and evasively.


   Skills:
 - Level 3.0 Fighting
 - Level 4.0 Dodging
 - Level 5.0 Stealth
 - Level 9.0 Spellcasting
 * Level 16.1 Conjurations
 - Level 5.0 Hexes
 - Level 3.0 Translocations
 + Level 2.0 Fire Magic
 + Level 3.9 Evocations


You had 13 spell levels left.
You knew the following spells:

 Your Spells              Type           Power      Damage    Failure   Level
a - Magic Dart            Conj           100%       1d8       0%          1
b - Searing Ray           Conj           100%       3d7       1%          2
c - Fulminant Prism       Conj/Hex       28%        3d14      1%          4
d - Iskenderun's Mystic   Conj/Tloc      53%        2d11      1%          4
e - Bolt of Magma         Conj/Fire/Erth 19%        4d10      22%         5

Your spell library contained the following spells:

 Spells                   Type           Power      Damage    Failure   Level
 Freeze                   Ice            40%        1d6       10%         1
 Dazzling Flash           Conj/Hex       100%       N/A       1%          3
 Mephitic Cloud           Conj/Pois/Air  35%        N/A       3%          3
 Sandblast                Erth           20%        2d7       10%         1
 Corpse Rot               Necr/Air       N/A        N/A       14%         2
 Passwall                 Tmut/Erth      8%         N/A       14%         2
 Poisonous Vapours        Pois/Air       20%        N/A       14%         2
 Sublimation of Blood     Necr           5%         N/A       14%         2
 Wereblood                Tmut           10%        N/A       14%         2
 Ignite Poison            Fire/Tmut/Pois 13%        N/A       22%         3
 Freezing Cloud           Conj/Ice/Air   17%        6-21      28%         5
 Lee's Rapid Deconstruct  Erth           5%         3d7*      95%         5
 Summon Hydra             Summ           5%         N/A       100%        7

Inventory:

Hand Weapons
 U - a +3 falchion of freezing (weapon) {long}
   (You found it on level 9 of the Dungeon)
Missiles
 d - 183 stones {throwing}
 j - 27 sling bullets
 q - 40 poisoned darts {throwing}
 B - 116 arrows
 D - 38 bolts
 H - 2 throwing nets {=f!fthrowing}
 Q - 4 javelins {throwing}
Armour
 i - a +2 pair of gloves (worn)
   (You found it on level 5 of the Dungeon)
 M - a +2 cloak of poison resistance (worn)
   (You took it off Maurice on level 8 of the Dungeon)
 T - a +0 troll leather armour (worn)
   (You found it on level 9 of the Dungeon)
Jewellery
 b - an amulet of the acrobat
   (You found it on level 10 of the Dungeon)
 I - a ring of positive energy
   (You found it on level 6 of the Dungeon)
 J - a +4 ring of protection (right hand)
   (You found it on level 6 of the Dungeon)
 K - an amulet of reflection (around neck)
   (You found it on level 6 of the Dungeon)
 O - a ring of see invisible (left hand)
   (You found it on level 9 of the Dungeon)
 R - a ring of fire
   (You found it on level 9 of the Dungeon)
Wands
 E - a wand of flame (32)
   (You found it on level 5 of the Dungeon)
 N - a wand of mindburst (11)
   (You took it off Maurice on level 8 of the Dungeon)
Scrolls
 c - a scroll of enchant armour
 f - a scroll of summoning
 o - 4 scrolls of teleportation {@r4}
 t - a scroll of noise {!r}
 u - 2 scrolls of magic mapping {!r}
 y - 2 scrolls of torment {!r}
Potions
 l - 2 potions of curing {@q1}
 n - 3 potions of mutation {!q}
 r - a potion of haste {@q3}
 v - 2 potions of resistance
 w - 2 potions of attraction {!q}
 x - 3 potions of brilliance
 z - a potion of ambrosia
 A - 2 potions of might
 F - 5 potions of heal wounds {@q2}
 L - 2 potions of berserk rage {!q}
 P - a potion of lignification {!q}

Dungeon Overview and Level Annotations

Branches:
Dungeon (11/15)            Temple (1/1) D:4            Lair (1/6) D:9
    Orc (0/2) D:9         Ossuary (visited)

Altars:
Ashenzari
Cheibriados
Dithmenos
Elyvilon
Fedhas
Gozag
Hepliaklqana
Kikubaaqudgha
Makhleb
Nemelex Xobeh
Okawaru
Qazlal
Ru
Sif Muna
Trog
Uskayaw
Vehumet
Wu Jian
Xom
Yredelemnul
Zin
The Shining One

Shops:
D:9 **

Annotations:
D:3 3 runed translucent doors, 2FriedEggs's ghost, amateur TeSu
D:8 Rolling bug

:(
#.##................#....
#.#...............##....
#......................
#...##..##...........†.
#...##..##.........#...
#.##...#..÷..........#.#
# #..F#.÷......§.....##
##..#l........#......
#...@>†....#...#.....
#....S.FF...P#...#.....
###.....#...##..#......
#........###.........
#...####...#....#P...
###.# ##..# #.# ##.. ##
.P


You could see a cane toad, a basilisk, 2 blink frogs and a water moccasin.


Message History

The blink frog is knocked back by the mystic blast.
You fly upwards.
Welcome back to the Dungeon!
There is a staircase to the Lair here.
Items here: ! ))))))) [[[.
You start resting.
You fly downwards.
Welcome back to the Lair of Beasts!
A cane toad comes into view.
The blink frog blinks!
The blink frog hits you!
The blink frog blinks!
The basilisk gazes at you. You resist with some effort.
The blink frog blinks!
There is a staircase back to the Dungeon here.
Danger!
Casting: Iskenderun's Mystic Blast (dangerous; 1% risk of failure)
Confirm with . or Enter, or press ? or * to list all spells.
You erupt in a blast of force!
The mystic blast hits the cane toad.
The cane toad is knocked back by the mystic blast.
You hear an angry hiss.
Casting: Iskenderun's Mystic Blast (dangerous; 1% risk of failure)
Confirm with . or Enter, or press ? or * to list all spells.
Aiming: Fulminant Prism (dangerous; 1% risk of failure)
Press: ? - help, Dir - move target You conjure a prism of explosive energy!
A fulminant prism comes into view.
The basilisk gazes at you.
You are slowing down.
Your fulminant prism crackles loudly.
The blink frog barely misses you.
You riposte.
You miss the blink frog.
You claw the blink frog, but do no damage.
The cane toad stings you!
Your limbs are stiffening.
You fly upwards.
Welcome back to the Dungeon!
You have turned to stone.
You turn to flesh and can move again.
There is a staircase to the Lair here.
Items here: ! ))))))) [[[.
Unknown command.
You start resting.
You fly downwards.
Welcome back to the Lair of Beasts!
The water moccasin bites you.
The blink frog blinks!
The blink frog misses you.
You riposte.
You closely miss the blink frog. You block the water moccasin's attack.
The basilisk gazes at you.
You are slowing down.
The cane toad stings you.
The blink frog hits you but does no damage.
There is a staircase back to the Dungeon, spattered with blood here.
Danger!
Casting: Fulminant Prism (dangerous; 1% risk of failure)
Confirm with . or Enter, or press ? or * to list all spells.
You erupt in a blast of force!
The mystic blast hits the blink frog!
The blink frog is knocked back by the mystic blast.
The blink frog slams into the rock wall!
The mystic blast hits the cane toad but does no damage.
The mystic blast hits the water moccasin!!
The water moccasin is knocked back by the mystic blast.
The water moccasin slams into the rock wall!
The cane toad stings you! The basilisk gazes at you.
Your limbs have turned to stone.
The cane toad stings you but does no damage.
The basilisk gazes at you. You resist with some effort.
You have turned to stone.
The blink frog hits you but does no damage.
The cane toad stings you but does no damage.
The water moccasin bites you.
The blink frog hits you but does no damage.
The blink frog hits you. The cane toad stings you.
The water moccasin bites you but does no damage.
The blink frog hits you.
The blink frog blinks!
The blink frog hits you. The cane toad stings you!
The water moccasin bites you but does no damage.
The blink frog hits you but does no damage.
The cane toad stings you!
The water moccasin bites you but does no damage.
The blink frog hits you but does no damage.
The water moccasin bites you but does no damage.
The basilisk gazes at you. You resist with some effort.
The cane toad stings you. The blink frog hits you.
The water moccasin bites you but does no damage.
The blink frog hits you!
* * * LOW HITPOINT WARNING * * *
The cane toad stings you!
* * * LOW HITPOINT WARNING * * *
The blink frog hits you!
* * * LOW HITPOINT WARNING * * *
The water moccasin bites you.
* * * LOW HITPOINT WARNING * * *
The blink frog blinks!
The blink frog barely misses you.
The cane toad stings you but does no damage.
The water moccasin bites you but does no damage.
The basilisk bites you.
The blink frog blinks!
The cane toad stings you!
* * * LOW HITPOINT WARNING * * *
The water moccasin bites you.
* * * LOW HITPOINT WARNING * * *
The basilisk bites you but does no damage.
The cane toad stings you!!
* * * LOW HITPOINT WARNING * * *
The water moccasin bites you. The basilisk bites you!
You die...

Skill      XL: |  1  2  3  4  5  6  7  8  9 10 11 12 |
---------------+-------------------------------------+-----
Conjurations   | 6 7 8 10 12 13 16 | 16.1
Spellcasting   | 3 4 5 7 9 |  9.0
Translocations | 1 3 |  3.0
Hexes          | 1 2 4 5 |  5.0
Fighting       | 1 3 |  3.0
Dodging        | 3 4 |  4.0
Stealth        | 3 4 5 |  5.0
Evocations     | 3 |  3.9
Fire Magic     | 1 2 |  2.0

Action                   |  1- 3 |  4- 6 |  7- 9 | 10-12 || total
-------------------------+-------+-------+-------+-------++-------
Melee: Dagger            |       |    11 |     4 |       ||    15
       Kick              |       |     2 |       |     2 ||     4
       Peck              |       |       |     2 |       ||     2
 Fire: Hunting sling     |       |   148 |    83 |       ||   231
 Cast: Magic Dart        |    52 |     6 |       |     4 ||    62
       Searing Ray       |     7 |    27 |    64 |    21 ||   119
       Fulminant Prism   |       |       |     8 |   107 ||   115
       Iskenderun's Myst |       |       |       |    11 ||    11
  Use: Scroll            |       |     2 |    13 |    12 ||    27
Armor: Robe              |     2 |    10 |    10 |     7 ||    29
       Troll leather arm |       |       |       |    22 ||    22
Dodge: Dodged            |     3 |    25 |    19 |    45 ||    92
Block: Other             |       |       |     2 |    10 ||    12
       Reflection        |       |       |       |     1 ||     1
       Rpst.: Falchion   |       |       |       |     3 ||     3

Levels and vault maps discovered:
D:1:      heliophobic_arrival_battle_scene, layout_basic, st_stairs_13,
          corexii_corridor_pit
D:2:      layout_loops_ring, nrook_mini_backslash
D:3:      layout_basic, portal_sewer_entry_d, gammafunk_ghost_nasty_kobolds,
          kennysheep_cross_room, minmay_unequal, uniq_robin
D:4:      layout_cave_pools, chequers_temple_overflow_minitemple,
          mainiacjoe_overflow_chevrons, minmay_temple_entry_glass,
          nicolae_ossuary_entry_monument, uniq_blork_the_orc
D:5:      layout_loops_ring, mainiacjoe_overflow_alcove_4
D:6:      layout_gridville, chequers_garden, minmay_misc_feat_diagonals,
          uniq_edmund
D:7:      lemuel_ice_statue, layout_basic, grunt_decor_junction, uniq_menkaure,
          uniq_maggie
D:8:      minmay_diamond_stairs, layout_layer_cave, uniq_maurice
D:9:      layout_roguey, david_lair_generic, orc_0_dummy, nicolae_specific_store
D:10:     layout_loops_ring, kennysheep_donut
D:11:     minmay_the_grid_triangle_9x9_recursive_3_mashed
          [minmay_the_grid_triangle_9x9_tough_junction,
          minmay_the_grid_triangle_9x9_intruding_spiral,
          minmay_the_grid_triangle_9x9_fully_insulated_deathbox,
          minmay_the_grid_triangle_9x9_prize_insulated,
          minmay_the_grid_triangle_9x9_corrupted_corridor,
          minmay_the_grid_triangle_9x9_wacky_v,
          minmay_the_grid_triangle_9x9_shrine,
          minmay_the_grid_triangle_9x9_zippers_vertical,
          minmay_the_grid_triangle_9x9_odd_lines], layout_basic,
          hellmonk_ghost_happy_afterlife
Temple:   eino_temple_scatter_basement
Lair:1:   layout_cave_shapes

Notes
Turn   | Place    | Note
-------+----------+-------------------------------------------
     0 | D:1      | Sobieck the Tengu Conjurer began the quest for the Orb.
     0 | D:1      | Reached XP level 1. HP: 10/10 MP: 4/4
   193 | D:1      | Reached XP level 2. HP: 15/15 MP: 4/6
   419 | D:1      | Learned a level 2 spell: Searing Ray
   618 | D:1      | Reached XP level 3. HP: 19/19 MP: 5/7
   719 | D:1      | Reached skill level 6 in Conjurations
  1553 | D:2      | Reached skill level 3 in Spellcasting
  1853 | D:2      | Reached XP level 4. HP: 24/24 MP: 6/9
  2554 | D:3      | Found a runed translucent gate.
  2556 | D:3      | Found a runed translucent gate.
  2556 | D:3      | Found a runed translucent gate.
  2572 | D:3      | Noticed a kobold brigand
  2572 | D:3      | Noticed 2FriedEggs's ghost (amateur TeSu)
  2767 | D:3      | Gained mutation: Your magical nature lets you fly swiftly
                  | and evasively. [Tengu growth]
  2767 | D:3      | Reached XP level 5. HP: 28/28 MP: 5/11
  2772 | D:3      | Learned a level 4 spell: Fulminant Prism
  2778 | D:3      | Learned a level 4 spell: Iskenderun's Mystic Blast
  2872 | D:3      | You pick up a book of Geomancy and begin reading...
  2872 | D:3      | You add the spells Sandblast, Passwall and Lee's Rapid
                  | Deconstruction to your library.
  3010 | D:3      | Noticed Robin
  3459 | D:3      | Killed Robin
  3627 | D:3      | Reached skill level 7 in Conjurations
  3919 | D:3      | Reached skill level 1 in Translocations
  4196 | D:4      | Found a sand-covered staircase.
  4204 | Ossuary  | Entered an ossuary
  4204 | Ossuary  | Noticed a wraith
  4204 | Ossuary  | Noticed a wraith
  4204 | Ossuary  | Noticed a wraith
  4359 | Ossuary  | Reached skill level 1 in Hexes
  4359 | Ossuary  | Reached XP level 6. HP: 32/32 MP: 9/12
  4396 | Ossuary  | Noticed a wraith
  4421 | Ossuary  | Killed a wraith
  4422 | Ossuary  | Reached skill level 4 in Spellcasting
  4675 | D:4      | You pick up a book of Conjurations {@e2} and begin
                  | reading...
  4845 | D:4      | Found a staircase to the Ecumenical Temple.
  4861 | D:4      | Reached XP level 7. HP: 30/36 MP: 7/14
  4952 | Temple   | Entered the Ecumenical Temple
  5141 | D:4      | Reached skill level 2 in Translocations
  5225 | D:4      | Found a stormy altar of Qazlal.
  5225 | D:4      | Found an iron altar of Okawaru.
  5230 | D:4      | Found an ornate altar of the Wu Jian Council.
  5233 | D:4      | Found a bloodstained altar of Trog.
  5234 | D:4      | Found a faded altar of an unknown god.
  5485 | D:4      | Reached skill level 2 in Hexes
  5579 | D:4      | Noticed Blork the orc
  5590 | D:4      | Found a burning altar of Makhleb.
  5748 | D:4      | Reached skill level 8 in Conjurations
  5845 | D:4      | Killed Blork the orc
  6149 | D:5      | Entered Level 5 of the Dungeon
  6378 | D:5      | Noticed a yak
  6378 | D:5      | Noticed a yak
  6378 | D:5      | Noticed a yak
  6400 | D:5      | Killed a yak
  6401 | D:5      | Reached skill level 5 in Spellcasting
  6401 | D:5      | Reached skill level 3 in Translocations
  6401 | D:5      | Reached XP level 8. HP: 26/41 MP: 10/16
  6401 | D:5      | Killed a yak
  6402 | D:5      | Reached skill level 9 in Conjurations
  6402 | D:5      | Reached skill level 3 in Hexes
  6406 | D:5      | HP: 8/41 [yak (15)]
  6424 | D:5      | Killed a yak
  7308 | D:5      | You pick up a book of Blood and begin reading...
  7308 | D:5      | You add the spells Sublimation of Blood, Wereblood and
                  | Summon Hydra to your library.
  7342 | D:5      | Reached skill level 10 in Conjurations
  7342 | D:5      | Reached skill level 4 in Hexes
  7486 | D:5      | Found a radiant altar of Vehumet.
  7495 | D:5      | Became a worshipper of Vehumet
  7885 | D:6      | Reached XP level 9. HP: 45/45 MP: 12/17
  7885 | D:6      | Noticed Edmund
  7933 | D:5      | Killed Edmund
  8034 | D:6      | You add the spells Ignite Poison, Mephitic Cloud and Bolt
                  | of Magma to your library.
  8356 | D:6      | Reached skill level 11 in Conjurations
  8458 | D:6      | Reached skill level 5 in Hexes
  8807 | D:7      | Noticed Maggie
  8870 | D:7      | Noticed Menkaure
  9030 | D:7      | HP: 11/45 [Maggie/bolt of fire (6)]
  9031 | D:7      | Killed Maggie
  9032 | D:7      | Reached skill level 12 in Conjurations
  9374 | D:7      | Killed Menkaure
  9506 | D:7      | Noticed a troll
  9515 | D:7      | Killed a troll
  9516 | D:7      | Reached skill level 1 in Fighting
  9900 | D:7      | Reached * piety under Vehumet
  9900 | D:7      | Offered knowledge of Foxfire by Vehumet.
  9901 | D:7      | Reached skill level 3 in Dodging
  9901 | D:7      | Reached skill level 3 in Stealth
  9901 | D:7      | Reached XP level 10. HP: 53/53 MP: 7/19
  9965 | D:7      | Noticed an ice statue
 10380 | D:7      | Reached skill level 2 in Fighting
 10380 | D:7      | Reached skill level 6 in Spellcasting
 10409 | D:7      | Killed an ice statue
 10527 | D:8      | Noticed a cyclops
 10570 | D:8      | Killed a cyclops
 10571 | D:8      | Reached skill level 13 in Conjurations
 10708 | D:8      | Noticed Maurice
 10941 | D:8      | Noticed a green ugly thing
 10972 | D:7      | Killed a green ugly thing
 10973 | D:7      | Reached skill level 4 in Dodging
 10973 | D:7      | Reached skill level 4 in Stealth
 11123 | D:8      | Killed Maurice
 11124 | D:8      | Reached skill level 3 in Fighting
 11210 | D:8      | Noticed a boulder beetle
 11506 | D:9      | Found a staircase to the Orcish Mines.
 11803 | D:9      | Reached skill level 7 in Spellcasting
 11955 | D:9      | Reached XP level 11. HP: 60/60 MP: 3/23
 12111 | D:9      | Noticed a soul eater
 12113 | D:9      | Reached skill level 5 in Stealth
 12113 | D:9      | Reached skill level 14 in Conjurations
 12116 | D:9      | Noticed a two-headed ogre
 12315 | D:9      | Killed a two-headed ogre
 12316 | D:9      | Reached skill level 8 in Spellcasting
 12608 | D:9      | Found a staircase to the Lair.
 12813 | D:9      | You pick up a book of Vapours and begin reading...
 12813 | D:9      | You add the spells Poisonous Vapours, Corpse Rot and
                  | Freezing Cloud to your library.
 12844 | D:9      | Noticed a manticore
 12888 | D:9      | Killed a manticore
 13022 | D:9      | Found Yhenweol's Specific Store.
 13024 | D:9      | Found Pacoynwo's General Store.
 13037 | D:9      | Bought a scroll of identify for 26 gold pieces
 13333 | D:8      | Noticed a tengu warrior
 13360 | D:8      | Killed a tengu warrior
 13662 | D:8      | Noticed a salamander
 13685 | D:8      | Noticed a mana viper
 13685 | D:8      | a salamander changed into a mana viper
 13691 | D:8      | Killed a mana viper
 13692 | D:8      | Reached skill level 15 in Conjurations
 13692 | D:8      | Reached skill level 1 in Evocations
 13944 | D:10     | Entered Level 10 of the Dungeon
 13958 | D:10     | Noticed a two-headed ogre
 13969 | D:10     | Killed a two-headed ogre
 14017 | D:10     | Reached skill level 9 in Spellcasting
 14117 | D:10     | Reached skill level 2 in Evocations
 15161 | D:11     | Reached ** piety under Vehumet
 15279 | D:11     | Offered knowledge of Freeze by Vehumet.
 15338 | D:11     | Reached skill level 3 in Evocations
 15394 | D:11     | Noticed a boulder beetle
 15520 | Lair:1   | Entered Level 1 of the Lair of Beasts
 15602 | Lair:1   | Learned a level 5 spell: Bolt of Magma
 15632 | Lair:1   | Reached skill level 1 in Fire Magic
 15636 | Lair:1   | Reached skill level 16 in Conjurations
 15636 | Lair:1   | Reached XP level 12. HP: 64/64 MP: 6/26
 15767 | Lair:1   | Reached skill level 2 in Fire Magic
 15928 | Lair:1   | HP: 15/64 [water moccasin (3)]
 15930 | Lair:1   | HP: 3/64 [cane toad (9)]
 15931 | Lair:1   | Slain by a basilisk

Vanquished Creatures
  A tengu warrior (D:8)
  2 two-headed ogres
  A mana viper (shapeshifter) (D:8)
  A manticore (D:9)
  A cyclops (D:8)
  An ugly thing (D:7)
  An elephant (D:9)
  An ice statue (D:7)
  Maurice (D:8)
  2 cane toads (Lair:1)
  Maggie (D:7)
  A kobold demonologist (D:9)
  An unseen horror (D:10)
  3 trolls
  3 blink frogs (Lair:1)
  14 yaks
  2 shadows
  2 wraiths
  A wyvern (D:9)
  A basilisk (D:9)
  2 steam dragons
  Menkaure (D:7)
  Edmund (D:5)
  A vampire mosquito (D:8)
  2 water moccasins (D:6)
  2 ice beasts
  2 sky beasts (D:6)
  A black bear (D:9)
  2 orc warriors
  2 necrophages
  3 centaurs
  4 kobold brigands (D:9)
  A phantom (D:7)
  Blork the orc (D:4)
  4 bullfrogs
  A gnoll sergeant (D:7)
  A scorpion (D:4)
  5 killer bees (D:10)
  A bullfrog zombie (D:6)
  A centaur zombie (D:8)
  2 jellies
  2 hounds
  5 orc priests
  2 iguanas
  A gnoll shaman (D:6)
  A scorpion zombie (D:3)
  4 orc wizards
  A hound zombie (D:5)
  2 hound skeletons (D:4)
  A mummy (Ossuary)
  2 howler monkey zombies
  Robin (D:3)
  9 gnolls
  4 adders
  A shadow imp (D:6)
  A white imp (D:6)
  An adder skeleton (D:4)
  6 worms
  23 orcs
  6 endoplasms
  2 giant cockroaches (D:3)
  16 goblins
  9 hobgoblins
  14 jackals
  8 kobolds
  5 quokkas
  3 ball pythons
  A ball python zombie (D:3)
  5 bats
  5 frilled lizards
  6 gnoll skeletons (Ossuary)
  8 kobold skeletons (Ossuary)
  11 orc skeletons (Ossuary)
  A quokka skeleton (D:2)
  3 rats
251 creatures vanquished.

Vanquished Creatures (others)
  A centaur simulacrum (D:11)
  114 fulminant prisms
  9 plants
124 creatures vanquished.

Grand Total: 375 creatures vanquished

Table legend:
 A = Non-vault XP
 B = Vault XP
 C = Vault XP percentage of total XP
 D = Non-vault monster count
 E = Vault monster count
 F = Vault count percentage of total count
                 A         B        C        D         E       F
            +---------+---------+-------+---------+---------+-------
      Total |   13183 |    6304 |  32.3 |     189 |      62 |  24.7
            +---------+---------+-------+---------+---------+-------
        D:1 |      43 |       3 |   6.5 |      19 |       2 |   9.5
        D:2 |      55 |       2 |   3.5 |      20 |       1 |   4.8
        D:3 |     146 |      50 |  25.5 |      26 |      15 |  36.6
        D:4 |     450 |      94 |  17.3 |      26 |       1 |   3.7
        D:5 |    1095 |     169 |  13.4 |      13 |       1 |   7.1
        D:6 |     781 |       0 |   0.0 |      16 |       0 |   0.0
        D:7 |    1462 |    1547 |  51.4 |      13 |       4 |  23.5
        D:8 |     539 |    2643 |  83.1 |       8 |       5 |  38.5
        D:9 |    3730 |    1026 |  21.6 |      24 |       4 |  14.3
       D:10 |    2105 |       0 |   0.0 |      10 |       0 |   0.0
       D:11 |     349 |     513 |  59.5 |       4 |       2 |  33.3
     Lair:1 |    2428 |       0 |   0.0 |      10 |       0 |   0.0
    Ossuary |       0 |     257 | 100.0 |       0 |      27 | 100.0
            +---------+---------+-------+---------+---------+-------

Illustrated notes

Table legend:
 A = Kills in this place as a percentage of kills in entire the game.
 B = Kills by you in this place as a percentage of kills by you in the entire game.
 C = Kills by friends in this place as a percentage of kills by friends in the entire game.
 D = Other kills in this place as a percentage of other kills in the entire game.
 E = Experience gained in this place as a percentage of experience gained in the entire game.
 F = Experience gained in this place divided by the number of levels of this place that you have seen.
                   A       B       C       D       E      F
               +-------+-------+-------+-------+-------+----------------------
         Total | 100.0 | 100.0 |   N/A |   N/A | 100.0 | 1391.9
       Dungeon |  85.3 |  85.3 |   N/A |   N/A |  86.2 | 1527.5
          Lair |   4.0 |   4.0 |   N/A |   N/A |  12.5 | 2428.0
       Ossuary |  10.8 |  10.8 |   N/A |   N/A |   1.3 | 257.0
               +-------+-------+-------+-------+-------+----------------------

Table legend: (Time is in decaauts)
 A = Elapsed time spent in this place.
 B = Non-inter-level travel time spent in this place.
 C = Inter-level travel time spent in this place.
 D = Time resting spent in this place.
 E = Time spent auto-exploring this place.
 F = Levels seen in this place.
 G = Mean time per level.
                   A        B        C        D        E       F      G
               +--------+--------+--------+--------+--------+-----+--------+
         Total |  15253 |  14552 |    701 |   4018 |   6871 |  14 | 1089.5 |
       Dungeon |  14481 |  13803 |    678 |   3883 |   6716 |  11 | 1316.5 |
        Temple |    167 |    150 |     17 |      0 |    149 |   1 |  167.0 |
          Lair |    142 |    136 |      6 |     40 |      5 |   1 |  142.0 |
       Ossuary |    460 |    460 |      0 |     95 |      0 |   1 |  460.0 |
               +--------+--------+--------+--------+--------+-----+--------+

Top non-repeatable levels by time:
     D:7: 2361 daAuts
     D:9: 2164 daAuts
     D:3: 1856 daAuts
     D:5: 1452 daAuts
     D:1: 1355 daAuts
     D:4: 1337 daAuts
    D:10: 1073 daAuts
     D:2: 974 daAuts
     D:6: 811 daAuts
     D:8: 787 daAuts
 Ossuary: 460 daAuts
    D:11: 306 daAuts
  Temple: 167 daAuts
  Lair:1: 142 daAuts
